 Dungeon Crawl Stone Soup version 0.32-a0-798-gfa783ce77f (webtiles) character file.

Game seed: 7857653239710421254

1 terter303 the Slasher (level 1, 0/20 HPs)
             Began as a Gnoll Reaver on Mar 21, 2024.
             Slain by a jackal (2 damage)
             ... on level 1 of the Dungeon.
             The game lasted 00:00:30 (46 turns).

terter303 the Slasher (Gnoll Reaver)                  Turns: 46, Time: 00:00:31

Health: 0/20       AC:  3    Str: 11    XL:     1   Next: 20%
Magic:  6/6        EV: 11    Int: 12    God:
Gold:   10         SH:  0    Dex: 10    Spells: 8/9 levels left

rFire   . . .        a - +0 falchion
rCold   . . .        (no shield)
rNeg    . . .        b - +0 leather armour
rPois   .            (no helmet)
rElec   .            (no cloak)
rCorr   .            (no gloves)
SInv    .            (no boots)
Will    .....        (no amulet)
Stlth   +            (no ring)
HPRegen 0.23/turn    (no ring)
MPRegen 0.10/turn

%: no passive effects
@: no status effects
A: fangs 1, strong nose, distributed training
a: no special abilities


You were on level 1 of the Dungeon.
You visited 1 branch of the dungeon, and saw 1 of its levels.

You collected 10 gold pieces.

Inventory:

Hand Weapons
 a - a +0 falchion (weapon)
Armour
 b - a +0 leather armour (worn)


   Skills:
 + Level 4.4 Fighting
 + Level 0.0 Short Blades
 + Level 6.4 Long Blades
 + Level 0.0 Axes
 + Level 0.0 Maces & Flails
 + Level 0.0 Polearms
 + Level 0.0 Staves
 + Level 0.0 Ranged Weapons
 + Level 0.0 Throwing
 + Level 0.0 Armour
 + Level 4.4 Dodging
 + Level 0.0 Stealth
 + Level 0.0 Shields
 + Level 0.0 Unarmed Combat
 + Level 4.8 Spellcasting
 + Level 5.3 Conjurations
 + Level 0.0 Hexes
 + Level 0.0 Summonings
 + Level 0.0 Necromancy
 + Level 0.0 Translocations
 + Level 0.0 Fire Magic
 + Level 0.0 Ice Magic
 + Level 0.0 Air Magic
 + Level 0.0 Earth Magic
 + Level 0.0 Alchemy
 + Level 0.0 Invocations
 + Level 0.0 Evocations
 + Level 0.0 Shapeshifting


You had 8 spell levels left.
You knew the following spells:

 Your Spells              Type           Power      Damage    Failure   Level
a - Kiss of Death         Conj/Necr      36%        2d8       9%          1

Your spell library contained the following spells:

 Spells                   Type           Power      Damage    Failure   Level
 Momentum Strike          Conj/Tloc      18%        3d8       14%         2
 Hailstorm                Conj/Ice       9%         3d6       26%         3


Dungeon Overview and Level Annotations

Branches:
Dungeon (1/15)

Altars:


Innate Abilities, Weirdness & Mutations

You have very sharp teeth.
Your uncanny sense of smell can sniff out nearby items.
Your experience applies equally to all skills.


Message History

The jackal misses you.
You closely miss the jackal. Your bite misses the jackal.
The jackal is severely wounded.
The jackal bites you but does no damage.
The jackal closely misses you. The jackal barely misses you.
The jackal misses you. The jackal barely misses you.
The jackal bites you but does no damage.
You barely miss the jackal. You bite the jackal, but do no damage.
The jackal is almost dead.
The jackal barely misses you. The jackal bites you.
The jackal bites you but does no damage.
You closely miss the jackal.
The jackal is severely wounded.
The jackal closely misses you. x2; The jackal bites you. x2
* * * LOW HITPOINT WARNING * * *
The jackal misses you.
You closely miss the jackal. Your bite misses the jackal.
The jackal is severely wounded.
The jackal bites you.
* * * LOW HITPOINT WARNING * * *
The jackal bites you but does no damage.
The jackal bites you.
* * * LOW HITPOINT WARNING * * *
The jackal closely misses you.
You are too injured to fight recklessly!
Okay, then.
You hit the jackal but do no damage. Your bite misses the jackal.
The jackal is severely wounded.
The jackal bites you.
* * * LOW HITPOINT WARNING * * *
The jackal misses you. x2
You hit the jackal.
You kill the jackal!
The jackal closely misses you. The jackal barely misses you.
The jackal bites you but does no damage.
The jackal closely misses you.
You barely miss the jackal. You bite the jackal, but do no damage.
The jackal is severely wounded.
The jackal bites you.
You die...

##++##
#..###....##
#..##......#
#..##......##
#..#........#
#..#....[...#
#..#...##...#
.###+#.b#h.####..#
.......rh@.+<>'..+
........#..####..#
........#...##...#
........#........#
......?.#........#
..!.....##......##
........##......#
######..###....##
##++##


You could see 2 jackals, a bat and a rat.

Vanquished Creatures
  A jackal (D:1)
1 creature vanquished.

Notes
Turn   | Place    | Note
-------+----------+-------------------------------------------
     0 | D:1      | terter303 the Gnoll Reaver began the quest for the Orb.
     0 | D:1      | Reached XP level 1. HP: 20/20 MP: 6/6
    46 | D:1      | Slain by a jackal

Illustrated notes

Levels and vault maps discovered:
D:1:      dpeg_arrival_refuge, layout_basic

Action                     || total
---------------------------++-------
  Melee: Falchion          ||    21
         Bite              ||     3
 Armour: Leather armour    ||    34
  Dodge: Dodged            ||    40

Table legend: (Time is in decaauts)
 A = Elapsed time spent in this place.
 B = Non-inter-level travel time spent in this place.
 C = Inter-level travel time spent in this place.
 D = Time resting spent in this place.
 E = Time spent auto-exploring this place.
 F = Levels seen in this place.
 G = Mean time per level.
                   A        B        C        D        E       F      G
               +--------+--------+--------+--------+--------+-----+--------+
         Total |     45 |     45 |      0 |      0 |     11 |   1 |   45.0 |
       Dungeon |     45 |     45 |      0 |      0 |     11 |   1 |   45.0 |
               +--------+--------+--------+--------+--------+-----+--------+

Top non-repeatable levels by time:
     D:1: 45 daAuts
